cohdb
Replays
Latest Replays
All Replays
Popular Replays
Top Player Replays
Match Explorer
How It Works
Community
CoH3 Stats
Reddit
Sign in to upload your games and track your stats! →
Sign in with Steam
Match 48030590
Unlisted
Match 48030590
Overview
Messages
Build Orders
End
Construct Infanterie Kompanie
Grenadier Squad
Selects Breakthrough Battlegroup
Selects Assault Grenadiers
Grenadier Squad
MG 42 Machine Gun Team
Grenadier Squad
Construct Panzergrenadier Kompanie
Pak 40 Anti-tank Gun Team
Panzergrenadier Squad
Selects Smoke Bombing Run
Selects Incendiary Bombing Run
Construct Panzer Kompanie
Selects Rapid Production
Medical Station
Panzer IV Medium Tank
Grenadier Squad
Incendiary Bombing Run
Grenadier Squad
Panzer IV Medium Tank
Pioneer Squad
Incendiary Bombing Run
Selects Blitzkrieg
Stoßtruppen Squad
Selects Tiger Heavy Tank
Tiger Heavy Tank
Incendiary Bombing Run
Panzer IV Medium Tank
Panzer IV Medium Tank
Panzer IV Medium Tank
Pioneer Squad
Incendiary Bombing Run
Grenadier Squad
Tiger Heavy Tank
Stoßtruppen Squad
Stoßtruppen Squad
Stoßtruppen Squad
Grenadier Squad
Incendiary Bombing Run
Cptnjulius
Unsafe
Kipesh
Mephswall
K9
ziru
0
0
Comments
sign in to comment!
No comments posted yet!